 Dungeon Crawl Stone Soup version 0.17-a0-1805-g6093636 (webtiles) character file.

2555 MartinZepigue the Shield-Bearer (level 9, -8/69 HPs)
             Began as a Demonspawn Berserker on Sept 2, 2015.
             Was an Elder of Trog.
             Splashed with acid (20 damage)
             ... in the Ecumenical Temple on Sept 12, 2015.
             The game lasted 02:07:53 (8377 turns).

MartinZepigue the Shield-Bearer (DsBe)              Turns: 8377, Time: 02:07:54

Health: -8/69      AC: 17    Str: 20      XL:     9   Next: 31%
Magic:  0/18       EV:  7    Int:  7 (8)  God:    Trog [****..]
Gold:   83         SH:  0    Dex: 13      Spells: 0 memorised, 8 levels left

rFire  . . .     SeeInvis .     f - +0 dire flail
rCold  . . .     Clarity  .     B - +0 plate armour
rNeg   . . .     SustAt   .     (no shield)
rPois  .         Gourm    .     (no helmet)
rElec  .         Spirit   +     (no cloak)
rCorr  .         Warding  .     (no gloves)
rMut   .         Stasis   .     u - +0 pair of boots
MR     .....                    (no amulet)
Stlth  ..........               (no ring)
                                v - ring of magical power

@: not resistant to hostile enchantments, extremely unstealthy
A: talons 1, rough black scales 1, magic shield
a: Burn Spellbooks, Berserk, Trog's Hand, Brothers in Arms, Renounce Religion


You were in the Ecumenical Temple.
You worshipped Trog.
Trog was greatly pleased with you.
You were very hungry.

You visited 2 branches of the dungeon, and saw 8 of its levels.
You also visited: Ossuary.

You collected 223 gold pieces.
You spent 140 gold pieces at shops.

Inventory:

Hand weapons
 f - a +0 dire flail (weapon)
 h - a +0 shortbow
 k - a +0 hand axe
 p - a +1 dagger of draining
 y - a +0 hunting sling of flaming
 D - a +0 whip of electrocution
 I - a +2 dagger of speed
Missiles
 b - 26 poisoned needles
 c - 59 arrows
 g - 266 stones
 q - 8 javelins of returning
 r - 8 poisoned tomahawks
 x - 14 bolts of flame
 z - 63 bolts
 A - 2 javelins
 L - 6 arrows of frost (quivered)
 N - 12 arrows of dispersal
Armour
 u - a +0 pair of boots (worn)
 B - a +0 plate armour (worn)
 C - a +0 large shield
Jewellery
 v - a ring of magical power (left hand)
Magical devices
 i - a wand of magic darts (29)
Scrolls
 e - a scroll of fear
 j - 2 scrolls of remove curse
 n - a scroll of immolation
 o - 9 scrolls of identify
 t - 2 scrolls of magic mapping
 w - a scroll of blinking {unknown}
 E - a scroll of enchant armour {unknown}
 H - a scroll of vulnerability {unknown}
 V - a scroll of enchant weapon {unknown}
Potions
 S - a potion of curing
 T - a potion of haste
Comestibles
 d - a beef jerky
 l - a meat ration
 m - a slice of pizza
 s - 6 fruits
 F - a royal jelly


   Skills:
 + Level 6.0 Fighting
 + Level 3.9(5.1) Axes
 + Level 5.0(5.6) Maces & Flails
 + Level 0.1 Throwing
 + Level 5.4 Armour
 + Level 3.3 Dodging
 + Level 1.0 Stealth
 + Level 6.0 Shields


You had 8 spell levels left.
You didn't know any spells.

Dungeon Overview and Level Annotations

Branches:
Dungeon (7/15)             Temple (1/1) D:7

Altars:
Cheibriados
Dithmenos
Fedhas
Gozag
Kikubaaqudgha
Makhleb
Nemelex Xobeh
Okawaru
Qazlal
Ru
Sif Muna
Trog
Vehumet
Xom
Zin
The Shining One
Jiyva

Shops:
D:6 !


Innate Abilities, Weirdness & Mutations

You have sharp toenails.
You are partially covered in rough black scales (AC +4, Dex -1).
When hurt, damage is shared between your health and your magic reserves.


Message History

The orc warrior hits you with a short sword!
You barely miss the orc warrior.
The orc warrior is heavily wounded.
The orc warrior hits you with a short sword!
* * * LOW HITPOINT WARNING * * *
Use which ability?
You're too hungry to go berserk.
Drink which item? (? for menu, Esc to quit)
Okay, then.
Read which item? (? for menu, Esc to quit)
As you read the scroll labeled BYC MIOCWIETH, it crumbles to dust.
You assume a fearsome visage.
The orc warrior looks frightened!
It was a scroll of fear.
The orc warrior gibbers meaninglessly.
There is a staircase back to the Dungeon here.
The orc warrior cries, "Help!"
The wall burns you!
* * * LOW HITPOINT WARNING * * *
The walls burn you!
You die...

######### #########
###...#...### ###.......### #
##..._..._...###..._..._...###
#.............#.............#.
#............................
#..................<........
#............................
#............@#.............#.
##..._..._...###..._..._...###
###...#...### ###.......### #
######### #########


There were no monsters in sight!

Vanquished Creatures
  The ghost of cireshan the Conjurer, an average DECj (D:3)
  A sky beast (D:7)
  2 phantoms
  2 orc warriors (D:6)
  An ogre (D:4)
  2 ice beasts
  A crocodile (D:7)
  2 centaurs
  A big kobold (D:6)
  4 water moccasin zombies (Ossuary)
  A giant frog (D:7)
  A scorpion (D:4)
  2 crimson imps (D:5)
  2 centaur zombies (D:6)
  2 giant frog skeletons
  2 jellies
  8 orc wizards
  2 orc priests
  A hound (D:4)
  Terence (D:3)
  5 worker ants
  A big kobold zombie (Ossuary)
  A hound zombie (D:6)
  A hound skeleton (D:6)
  2 mummies (Ossuary)
  8 adders
  6 gnolls
  2 adder skeletons
  7 adder zombies (Ossuary)
  3 worms
  4 giant geckos
  27 orcs
  4 gnoll zombies (Ossuary)
  14 goblins
  11 hobgoblins
  14 jackals
  17 kobolds
  2 quokkas
  A ball python (D:1)
  6 bats
  7 giant cockroaches
  A giant cockroach zombie (D:5)
  A giant gecko skeleton (D:6)
  7 giant newts
  4 hobgoblin zombies (Ossuary)
  4 kobold zombies (Ossuary)
  5 orc zombies (Ossuary)
  7 rats
  A toadstool (D:1)
212 creatures vanquished.

Vanquished Creatures (collateral kills)
  An orc priest (D:4)
  2 orcs (D:4)
3 creatures vanquished.

Vanquished Creatures (others)
  3 toadstools (D:1)
3 creatures vanquished.

Grand Total: 218 creatures vanquished

Notes
Turn   | Place    | Note
--------------------------------------------------------------
     0 | D:1      | MartinZepigue the Demonspawn Berserker began the quest for the Orb.
     0 | D:1      | Reached XP level 1. HP: 18/18 MP: 1/1
   166 | D:1      | Gained mutation: When hurt, damage is shared between your health and your magic reserves. [demonic ancestry]
   166 | D:1      | Reached XP level 2. HP: 20/24 MP: 2/2
   543 | D:1      | Acquired Trog's second power
   543 | D:1      | Reached XP level 3. HP: 29/29 MP: 3/3
   552 | D:1      | Upgraded the game from 0.17-a0-1753-g75d4604 to 0.17-a0-1763-g847a857
   914 | D:2      | Upgraded the game from 0.17-a0-1763-g847a857 to 0.17-a0-1767-gccbed74
  1301 | D:2      | Gained mutation: You are partially covered in rough black scales (AC +4, Dex -1). [demonic ancestry]
  1301 | D:2      | Reached XP level 4. HP: 30/35 MP: 2/4
  1967 | D:2      | Found a blossoming altar of Fedhas.
  2347 | D:3      | Found an opulent altar of Gozag.
  2449 | D:3      | Found a snail-covered altar of Cheibriados.
  2522 | D:3      | Noticed cireshan's ghost (average DECj)
  2852 | D:3      | Killed cireshan's ghost
  2852 | D:3      | Reached skill level 1 in Shields
  2852 | D:3      | Reached XP level 5. HP: 42/42 MP: 5/5
  2922 | D:3      | Noticed Terence
  2939 | D:3      | Killed Terence
  3072 | D:3      | Reached XP level 6. HP: 48/48 MP: 6/6
  3537 | D:3      | Reached skill level 1 in Maces & Flails
  3840 | D:3      | Found a faded altar to an unknown god.
  3995 | D:3      | Acquired Trog's third power
  4096 | D:4      | Upgraded the game from 0.17-a0-1767-gccbed74 to 0.17-a0-1769-g54adf96
  4174 | D:4      | Reached XP level 7. HP: 39/53 MP: 7/7
  4223 | D:4      | Reached skill level 4 in Fighting
  4834 | D:4      | Upgraded the game from 0.17-a0-1769-g54adf96 to 0.17-a0-1778-gd369669
  4970 | D:5      | Entered Level 5 of the Dungeon
  5058 | D:5      | Found a shadowy altar of Dithmenos.
  5101 | D:5      | Upgraded the game from 0.17-a0-1778-gd369669 to 0.17-a0-1793-gcbb3aa1
  5131 | D:5      | Reached XP level 8. HP: 57/61 MP: 8/8
  5281 | D:5      | Reached skill level 1 in Stealth
  5709 | D:6      | Found Higatzem's Distillery.
  5734 | D:6      | Reached skill level 5 in Shields
  5769 | D:6      | Bought a potion of haste for 140 gold pieces
  5884 | D:6      | Noticed Edmund
  5888 | D:6      | Found a burning altar of Makhleb.
  6124 | D:6      | Found an ancient bone altar of Kikubaaqudgha.
  6189 | D:6      | Reached skill level 5 in Fighting
  6281 | D:6      | Found a sand-covered staircase.
  6289 | Ossuary  | Entered an ossuary
  6806 | D:6      | Upgraded the game from 0.17-a0-1793-gcbb3aa1 to 0.17-a0-1804-gf6433eb
  6856 | D:6      | Gained mutation: You have sharp toenails. [demonic ancestry]
  6856 | D:6      | Reached XP level 9. HP: 38/68 MP: 9/9
  6904 | D:6      | Reached skill level 6 in Shields
  6922 | D:6      | Received a gift from Trog
  7308 | D:6      | Reached skill level 5 in Armour
  7778 | D:7      | Upgraded the game from 0.17-a0-1804-gf6433eb to 0.17-a0-1805-g6093636
  7779 | D:7      | Found a staircase to the Ecumenical Temple.
  7796 | Temple   | Entered the Ecumenical Temple
  7928 | D:7      | Found a bloodstained altar of Trog.
  7960 | D:7      | Found a sacrificial altar of Ru.
  7971 | D:7      | Received a gift from Trog
  8295 | D:7      | Reached skill level 5 in Maces & Flails
  8318 | D:7      | HP: 2/69 [orc warrior/short sword (5)]
  8331 | D:7      | HP: 1/69 [orc warrior/short sword (7)]
  8377 | Temple   | Splashed with acid

Vault maps used:
D:1:      ldierk_water_garden
D:2:      fedhas_altar_fruit_tree, st_stairs_9
D:3:      grunt_gozag_statues, cheibriados_altar_1, ecumenical_altar_2,
          uniq_terence
D:5:      first_bread, minmay_crystal_water,
          nicolae_dithmenos_through_a_glass_darkly
D:6:      overflow_temple_1_default, lemuel_doored_altar, enter_ossuary_1,
          serial_shops, shop, uniq_edmund
D:7:      lemuel_upstairs_altar, lemuel_crystal_altar, lemuel_crystal_altar,
          temple_pool_a, grunt_ministairs_2, st_stairs_7
Temple:   pf_slimified_temple
Ossuary:  ossuary_tomb_2

Action                   |  1- 3 |  4- 6 |  7- 9 || total
-------------------------+-------+-------+-------++-------
Melee: Hand axe          |   133 |   196 |       ||   329
       Flail             |       |   189 |   541 ||   730
       Unarmed           |       |     3 |       ||     3
       Dire flail        |       |       |   102 ||   102
 Fire: Hunting sling     |       |       |     1 ||     1
Throw: Stone             |       |       |     8 ||     8
Invok: Berserk           |     3 |     5 |     8 ||    16
       Brothers in Arms  |       |       |     1 ||     1
  Use: Potion            |     1 |     1 |    12 ||    14
       Scroll            |     1 |     4 |     8 ||    13
  Eat: Bread ration      |     1 |       |     2 ||     3
       Chunk             |       |    10 |     3 ||    13
       Fruit             |       |     3 |     1 ||     4
       Meat ration       |       |     1 |     1 ||     2
       Beef jerky        |       |       |     2 ||     2
